[Event "Titled Tuesday Blitz June 6 Early 2023"]
[White "Hua, Lefong"]
[Black "Yeritsyan, Hayk"]
[WhiteFideId "2602253"]
[BlackFideId "13307320"]
[WhiteElo "2632"]
[BlackElo "2468"]
[Result "1-0"]
[Round "11"]
[TimeControl "180+2"]
[Date "2023.06.06"]
[WhiteClock "0:00:45"]
[BlackClock "0:00:09"]
[Board "43"]

1. d4 Nf6 2. c4 e6 3. Nc3 d5 4. cxd5 exd5 5. Bg5 c6 6. e3 Be7 7. Bd3 O-O 8. Qc2 Nbd7 9. Nge2 Re8 10. O-O h6 11. Bh4 Nf8 12. f3 Nh5 13. Bf2 Bg5 14. e4 Nf4 15. Nxf4 Bxf4 16. e5 Bg5 17. g3 Bh3 18. Rfe1 Qd7 19. f4 Bd8 20. f5 Bb6 21. Ne2 Nh7 22. Nf4 Ng5 23. Nxh3 Nxh3+ 24. Kg2 Nxf2 25. Qxf2 Rac8 26. Qf4 c5 27. dxc5 Bxc5 28. f6 g5 29. Qf3 Bd4 30. Qh5 Bxe5 31. Rxe5 Rxe5 32. Qxh6 Rc2+ 33. Bxc2 Re2+ 34. Kg1 Qd6 35. Qg7# 1-0


[Site "https://www.chess.com"]

[Event "Titled Tuesday Blitz June 6 Early 2023"]
[White "Gabdushev, Ruslan"]
[Black "Lee, Qing Aun"]
[WhiteFideId "4137833"]
[BlackFideId "5804167"]
[WhiteElo "2233"]
[BlackElo "2179"]
[Result "1-0"]
[Round "11"]
[TimeControl "180+2"]
[Date "2023.06.06"]
[WhiteClock "0:00:32"]
[BlackClock "0:00:10"]
[Board "44"]

1. b3 d5 2. Bb2 c5 3. e3 a6 4. f4 Nc6 5. Nf3 Nf6 6. Be2 e6 7. O-O Bd6 8. Ne5 Qc7 9. Nxc6 Qxc6 10. d3 b5 11. Bf3 Bb7 12. c4 Qc7 13. Nc3 b4 14. Na4 dxc4 15. Bxb7 Qxb7 16. dxc4 Ne4 17. f5 O-O-O 18. Qg4 e5 19. f6+ Kb8 20. fxg7 Rhg8 21. Rad1 h5 22. Qf3 Rxg7 23. Rd5 Ng5 24. Qf6 Ne6 25. Bxe5 Bxe5 26. Qxe5+ Ka7 27. Nxc5 Rxg2+ 28. Kxg2 Nxc5 29. Qd4 1-0


[Site "https://www.chess.com"]

[Event "Titled Tuesday Blitz June 6 Early 2023"]
[White "Ai, Evan"]
[Black "Gubajdullin, Alexei"]
[WhiteFideId "2094770"]
[BlackFideId "4141202"]
[WhiteElo "1963"]
[BlackElo "2279"]
[Result "1-0"]
[Round "11"]
[TimeControl "180+2"]
[Date "2023.06.06"]
[WhiteClock "0:00:09"]
[BlackClock "0:00:16"]
[Board "45"]

1. e4 g6 2. d4 Bg7 3. Nc3 d6 4. Be3 a6 5. f3 b5 6. a4 b4 7. Nd5 a5 8. Bc4 e6 9. Nf4 Ne7 10. h4 h6 11. Qd2 Ba6 12. Bxe6 g5 13. hxg5 hxg5 14. Nh5 Rxh5 15. Bxf7+ Kxf7 16. Rxh5 Nd7 17. Bxg5 Nf6 18. Rh1 Ng6 19. Nh3 Qd7 20. Bh6 Bh8 21. Ng5+ Kg8 22. b3 Qe7 23. O-O-O c5 24. dxc5 dxc5 25. Qd6 c4 26. Qxe7 Nxe7 27. Ne6 cxb3 28. cxb3 Rc8+ 29. Kb1 Kf7 30. Nd8+ Kg6 31. Bf8 Nh7 32. Bxe7 Rc3 33. Rd6+ Kg7 34. Ne6+ Kg8 35. Rd8+ Kf7 36. Rxh7+ Kxe6 37. Rd6+ Ke5 38. Rxa6 Kf4 39. Rxh8 Ke3 40. Kb2 Rd3 41. Bc5+ Ke2 42. Rd6 Rc3 43. Bd4 Rc7 44. e5 Kf1 45. e6 Re7 46. Bf6 Rc7 47. e7 Kf2 48. e8=Q Kg3 49. Qe5+ Kf2 50. Bh4+ Kg1 51. Qe1+ Kxg2 52. Qf2+ Kh3 53. Bg5+ Rh7 54. Rxh7# 1-0


[Site "https://www.chess.com"]

[Event "Titled Tuesday Blitz June 6 Early 2023"]
[White "Yonal, Timur"]
[Black "Perez, Maximiliano"]
[WhiteFideId "44115725"]
[BlackFideId "117234"]
[WhiteElo "1966"]
[BlackElo "2334"]
[Result "1-0"]
[Round "11"]
[TimeControl "180+2"]
[Date "2023.06.06"]
[WhiteClock "0:00:27"]
[BlackClock "0:00:18"]
[Board "46"]

1. e4 c5 2. Nf3 Nc6 3. Bb5 g6 4. O-O Bg7 5. Bxc6 bxc6 6. Re1 Qc7 7. e5 Nh6 8. c3 O-O 9. d4 cxd4 10. cxd4 d5 11. Nc3 f6 12. exf6 exf6 13. Na4 Nf7 14. Nc5 Rb8 15. Qc2 Bf5 16. Qc3 Qd6 17. a4 Rfe8 18. Bd2 g5 19. Rxe8+ Rxe8 20. Re1 Rxe1+ 21. Nxe1 Qe7 22. Ned3 Nd6 23. Nb4 Qe2 24. Qe3 Qd1+ 25. Qe1 Qg4 26. Nxc6 a6 27. h3 Qh5 28. Qe7 Qd1+ 29. Qe1 Qxe1+ 30. Bxe1 Kf7 31. Kf1 Bc2 32. Ke2 f5 33. Kd2 Bb1 34. Kc1 Ba2 35. b3 Ne4 36. Nxe4 dxe4 37. Kb2 Ke6 38. Kxa2 Kd6 39. Nb4 Bxd4 40. Nxa6 f4 41. Nb4 h5 42. Nc2 Ba7 43. b4 Kd5 44. Kb3 e3 45. fxe3 fxe3 46. b5 Ke4 47. a5 Kd3 48. b6 Bb8 49. a6 1-0


[Site "https://www.chess.com"]

[Event "Titled Tuesday Blitz June 6 Early 2023"]
[White "Vaglio Munoz, Jaime"]
[Black "Martic, Ivan"]
[WhiteFideId "6500145"]
[BlackFideId "929301"]
[WhiteElo "2199"]
[BlackElo "2346"]
[Result "0-1"]
[Round "11"]
[TimeControl "180+2"]
[Date "2023.06.06"]
[WhiteClock "0:00:25"]
[BlackClock "0:00:07"]
[Board "47"]

1. Nf3 Nf6 2. c4 g6 3. b3 Bg7 4. Bb2 O-O 5. g3 c5 6. Bg2 d6 7. O-O e5 8. e3 Nc6 9. d4 e4 10. Nfd2 Qe7 11. a3 Bf5 12. Re1 h5 13. Nc3 cxd4 14. exd4 Nxd4 15. Ncxe4 Nxe4 16. Nxe4 Nf3+ 17. Bxf3 Bxb2 18. Ra2 Be5 19. Nc3 h4 20. Nd5 Qg5 21. Qd2 Qxd2 22. Rxd2 hxg3 23. hxg3 Kg7 24. Kg2 Rh8 25. g4 Be6 26. Rh1 Rxh1 27. Kxh1 Rb8 28. a4 b6 29. Kg2 a6 30. Nc7 Bc8 31. Ne8+ Kf8 32. Nxd6 Be6 33. Ne4 b5 34. axb5 axb5 35. c5 Bxb3 36. c6 b4 37. Nc5 Be6 38. Nd7+ Bxd7 39. cxd7 Bf6 40. Bd5 Ke7 41. Bb3 Kd8 42. f4 Be7 43. g5 Ra8 44. Bxf7 Ra3 45. Bxg6 b3 46. Bf5 Ra2 47. Rf2 Bc5 48. Be6 Rxf2+ 49. Kg3 Re2 50. Bxb3 Re3+ 51. Kg4 Rxb3 52. g6 Bf8 53. f5 Bg7 54. f6 Bxf6 55. Kf5 Bg7 56. Ke6 Rb6+ 57. Kf7 Bd4 58. g7 Bxg7 59. Kxg7 Kxd7 60. Kf7 Re6 61. Kf8 Re1 62. Kf7 Rf1+ 63. Kg6 Ke6 64. Kg5 Ke5 65. Kg4 Rf8 66. Kg3 Ke4 67. Kh4 Rg8 68. Kh5 Kf5 69. Kh6 Rg1 70. Kh7 Kf6 71. Kh6 Rh1# 0-1


[Site "https://www.chess.com"]

[Event "Titled Tuesday Blitz June 6 Early 2023"]
[White "Martin, Lewis"]
[Black "Terletsky, Oleg"]
[WhiteFideId "410551"]
[BlackFideId "14116774"]
[WhiteElo "2145"]
[BlackElo "2126"]
[Result "0-1"]
[Round "11"]
[TimeControl "180+2"]
[Date "2023.06.06"]
[WhiteClock "0:00:17"]
[BlackClock "0:00:12"]
[Board "48"]

1. e4 e5 2. Nf3 Nc6 3. Bb5 a6 4. Ba4 Nf6 5. O-O Be7 6. Re1 b5 7. Bb3 d6 8. a4 Bg4 9. c3 Rb8 10. axb5 axb5 11. h3 Be6 12. d4 Bxb3 13. Qxb3 Qd7 14. Be3 Nxe4 15. dxe5 dxe5 16. c4 b4 17. Nbd2 Nxd2 18. Bxd2 O-O 19. Rad1 Qf5 20. Qa4 Qg6 21. Nxe5 Nxe5 22. Rxe5 Bf6 23. Rb5 Rbd8 24. Bxb4 Rxd1+ 25. Qxd1 Re8 26. Rd5 h6 27. b3 Re4 28. Rd3 Qf5 29. Rf3 Qe6 30. Qd5 Qxd5 31. cxd5 Rxb4 32. Rd3 Rd4 33. Rc3 Rd1+ 0-1


[Site "https://www.chess.com"]

[Event "Titled Tuesday Blitz June 6 Early 2023"]
[White "Moral Garcia, Serafin"]
[Black "Tejedor Fuente, Enrique"]
[WhiteFideId "2201925"]
[BlackFideId "2299100"]
[WhiteElo "2274"]
[BlackElo "2496"]
[Result "0-1"]
[Round "11"]
[TimeControl "180+2"]
[Date "2023.06.06"]
[WhiteClock "0:00:13"]
[BlackClock "0:00:32"]
[Board "49"]

1. e4 e6 2. d4 c5 3. c3 d5 4. exd5 exd5 5. Nf3 Nc6 6. Bb5 Bd6 7. dxc5 Bxc5 8. O-O Ne7 9. Nbd2 O-O 10. Nb3 Bb6 11. Re1 Bg4 12. Be3 Ng6 13. h3 Bf5 14. Bd3 Bxe3 15. Rxe3 Bxd3 16. Rxd3 Nf4 17. Rd2 Qf6 18. Nbd4 Qg6 19. Nh4 Qg5 20. Ndf3 Qf6 21. Qc2 Ne7 22. g3 Nxh3+ 23. Kg2 Ng5 24. Rh1 Ne4 25. Rxd5 Nxd5 26. Qxe4 Rad8 27. Nf5 Rfe8 28. Qg4 Qg6 29. Qh3 Nf4+ 0-1


[Site "https://www.chess.com"]

[Event "Titled Tuesday Blitz June 6 Early 2023"]
[White "Itgelt, Khuyagtsogt"]
[Black "Hajiyev, Kanan"]
[WhiteFideId "4902912"]
[BlackFideId "13404148"]
[WhiteElo "2227"]
[BlackElo "2115"]
[Result "1-0"]
[Round "11"]
[TimeControl "180+2"]
[Date "2023.06.06"]
[WhiteClock "0:00:27"]
[BlackClock "0:00:06"]
[Board "50"]

1. Nf3 b5 2. e4 b4 3. a3 bxa3 4. Nxa3 Bb7 5. Bc4 e6 6. Qe2 Nf6 7. d3 d5 8. exd5 Nxd5 9. O-O Bd6 10. Nb5 Be7 11. Re1 O-O 12. Bd2 Bf6 13. c3 a6 14. Nbd4 c5 15. Nb3 Nd7 16. Na5 Qb6 17. Reb1 Rfb8 18. Nxb7 Qxb7 19. h3 a5 20. Ng5 Ne5 21. Ne4 Be7 22. Ra2 Nxc4 23. dxc4 Qb3 24. Rba1 Nb6 25. Bf4 Rc8 26. Nd2 Qc2 27. b4 axb4 28. Rxc2 Rxa1+ 29. Kh2 Na4 30. cxb4 cxb4 31. Be5 Ra3 32. Qg4 Bf8 33. Ne4 b3 34. Rd2 f5 35. Nf6+ Kh8 36. Qh5 gxf6 37. Bxf6+ Bg7 38. Bxg7+ Kxg7 39. Rd7+ Kf6 40. f4 1-0


[Site "https://www.chess.com"]

[Event "Titled Tuesday Blitz June 6 Early 2023"]
[White "Kashlinskaya, Alina"]
[Black "Arat, Ufuk Sezen"]
[WhiteFideId "4198026"]
[BlackFideId "6309089"]
[WhiteElo "2383"]
[BlackElo "2289"]
[Result "0-1"]
[Round "11"]
[TimeControl "180+2"]
[Date "2023.06.06"]
[WhiteClock "0:00:01"]
[BlackClock "0:00:08"]
[Board "51"]

1. Nf3 d5 2. g3 c6 3. Bg2 Nf6 4. O-O g6 5. d4 Bg7 6. c4 O-O 7. cxd5 cxd5 8. Ne5 Nc6 9. Nxc6 bxc6 10. Nd2 Bf5 11. Nb3 Nd7 12. Bf4 e5 13. dxe5 Nxe5 14. Nd4 Bd7 15. Rc1 Rc8 16. Nb3 Nc4 17. Nc5 Nxb2 18. Qb3 Nc4 19. Rfd1 Bg4 20. Qc2 Qe7 21. Nb3 Qxe2 22. Qxe2 Bxe2 23. Re1 Bg4 24. h3 Be6 25. Nc5 Rfe8 26. Nb7 h6 27. g4 g5 28. Bg3 Bd4 29. Bf1 Nd2 30. Bg2 Nc4 31. Bf1 Re7 32. Nd6 Nxd6 33. Bxd6 Rd7 34. Ba6 Rcd8 35. Bg3 c5 36. Red1 Re7 37. Kg2 f5 38. gxf5 Bxf5 39. h4 g4 40. h5 Be4+ 41. Kg1 Rf7 42. Be2 Rdf8 43. Rxd4 cxd4 44. Bxg4 Rg7 45. Be6+ Kh7 46. Kh2 d3 47. Rd1 Re8 48. Bh3 Rb7 49. Bf1 Rb2 50. Bxd3 Bxd3 51. Rxd3 Rd8 52. a4 d4 53. Be5 Rxf2+ 54. Kh3 Ra2 55. Rg3 Rd7 56. Rf3 Kg8 57. Rg3+ Kf7 58. Bf4 d3 59. Bxh6 d2 0-1


[Site "https://www.chess.com"]

[Event "Titled Tuesday Blitz June 6 Early 2023"]
[White "Chernomordik, Pavel"]
[Black "Goryachkina, Aleksandra"]
[WhiteFideId "2804530"]
[BlackFideId "4147103"]
[WhiteElo "2193"]
[BlackElo "2471"]
[Result "1/2-1/2"]
[Round "11"]
[TimeControl "180+2"]
[Date "2023.06.06"]
[WhiteClock "0:00:41"]
[BlackClock "0:00:19"]
[Board "52"]

1. e4 c6 2. Nc3 d5 3. Qf3 dxe4 4. Nxe4 Nf6 5. Nxf6+ exf6 6. Bc4 Bd6 7. Ne2 O-O 8. d4 Nd7 9. Bd2 Nb6 10. Bb3 a5 11. a4 Re8 12. O-O Be6 13. Nf4 Bxb3 14. Qxb3 Re4 15. Nd3 f5 16. f4 Qc7 17. Rfe1 Nd5 18. c4 Nf6 19. Rxe4 Nxe4 20. Be3 Re8 21. Re1 h6 22. Qc2 Be7 23. Ne5 Bf6 1/2-1/2


[Site "https://www.chess.com"]

[Event "Titled Tuesday Blitz June 6 Early 2023"]
[White "Janaszak, Dawid"]
[Black "Orlov, Georgi"]
[WhiteFideId "1119206"]
[BlackFideId "2011271"]
[WhiteElo "2220"]
[BlackElo "2637"]
[Result "1-0"]
[Round "11"]
[TimeControl "180+2"]
[Date "2023.06.06"]
[WhiteClock "0:00:32"]
[BlackClock "0:00:03"]
[Board "53"]

1. Nf3 Nf6 2. d4 e6 3. Bf4 c5 4. e3 Qb6 5. Na3 d5 6. Nb5 Na6 7. c3 c4 8. a4 Bd7 9. b3 Bxb5 10. axb5 Qxb5 11. bxc4 dxc4 12. Ne5 Rc8 13. Qa4 Qxa4 14. Rxa4 Nd5 15. Bxc4 Nxc3 16. Bxa6 bxa6 17. Rxa6 g5 18. Bg3 Ne4 19. O-O h5 20. h4 Rg8 21. Rxa7 Be7 22. Rb1 gxh4 23. Bf4 h3 24. g3 h4 25. Kh2 hxg3+ 26. Bxg3 Bd6 27. Kxh3 Bxe5 28. dxe5 Rg5 29. Bf4 1-0


[Site "https://www.chess.com"]

[Event "Titled Tuesday Blitz June 6 Early 2023"]
[White "Goffredo_Fofi"]
[Black "Sielecki, Christof"]
[BlackFideId "4620437"]
[WhiteElo "2500"]
[BlackElo "2443"]
[Result "0-1"]
[Round "11"]
[TimeControl "180+2"]
[Date "2023.06.06"]
[WhiteClock "0:00:12"]
[BlackClock "0:00:58"]
[Board "54"]

1. d4 d5 2. Nf3 Nf6 3. Bf4 e6 4. e3 Bd6 5. Nbd2 O-O 6. Bd3 c5 7. dxc5 Bxc5 8. O-O Nc6 9. c4 Bd6 10. Bg5 h6 11. Bh4 Ne5 12. Nxe5 Bxe5 13. Rb1 Bd7 14. Nf3 Bd6 15. cxd5 exd5 16. Be2 Be6 17. Nd4 Rc8 18. Nxe6 fxe6 19. Bd3 Qa5 20. a3 Qc7 21. Bg3 Bxg3 22. hxg3 Qe5 23. Be2 Rc7 24. Qb3 Ne4 25. Qb4 Rcf7 26. Bf3 Rxf3 27. gxf3 Rxf3 28. Kg2 Rxf2+ 29. Kh1 Qxg3 30. Rxf2 Nxf2# 0-1


[Site "https://www.chess.com"]

[Event "Titled Tuesday Blitz June 6 Early 2023"]
[White "Goroshkov, Maksym"]
[Black "Aarav Dengla"]
[WhiteFideId "14142716"]
[BlackFideId "45059756"]
[WhiteElo "2322"]
[BlackElo "2288"]
[Result "1/2-1/2"]
[Round "11"]
[TimeControl "180+2"]
[Date "2023.06.06"]
[WhiteClock "0:01:36"]
[BlackClock "0:01:36"]
[Board "55"]

1. e4 c5 2. d4 cxd4 3. c3 Nf6 4. e5 Nd5 5. Bc4 Nb6 6. Bb3 d6 7. exd6 Qxd6 8. cxd4 e5 9. dxe5 Qxe5+ 10. Ne2 Bb4+ 11. Nc3 Nc6 12. O-O O-O 13. Bf4 Qf5 14. Bc2 Qh5 15. a3 Bxc3 16. Nxc3 Qxd1 17. Raxd1 Be6 18. Rfe1 Nc4 19. Bc1 Rfd8 20. b3 Nb6 21. Bb2 Nd4 22. Be4 Bxb3 23. Rd3 Nc4 24. Ba1 Nc2 25. Rxd8+ Rxd8 26. Bxc2 Bxc2 27. h4 Nxa3 28. Nd5 f6 29. Ne3 Bg6 30. Rc1 Nc2 31. Nxc2 Bxc2 32. Rxc2 Rd1+ 33. Kh2 Rxa1 34. Rc8+ Kf7 35. Rc7+ Kg6 36. Rxb7 Ra2 37. Kg3 h5 38. f3 a5 39. Kh3 Ra1 40. g4 a4 41. Ra7 a3 42. Ra5 hxg4+ 43. fxg4 Kf7 44. Kg2 Ke6 45. Ra7 Ra2+ 46. Kg3 g6 47. h5 gxh5 48. gxh5 Ra1 49. Kg2 Ra2+ 50. Kg3 Ra1 51. Kg2 Rb1 52. Rxa3 Rb5 53. Rh3 Kf7 54. h6 Kg8 55. Kg3 Kh7 56. Kf4 Rg5 57. Rh4 Ra5 58. Rh1 Rb5 59. Rh2 Rc5 60. Rh1 Rd5 61. Rh2 Re5 62. Rh1 Rg5 63. Rh2 Rg6 64. Kf5 Rxh6 65. Ra2 Rh1 66. Kxf6 Rf1+ 67. Kg5 Kg7 68. Ra7+ Kf8 69. Kg6 Ke8 70. Ra8+ Ke7 71. Ra7+ Ke6 72. Ra6+ Ke5 73. Ra5+ Ke4 74. Ra4+ Kf3 75. Ra8 Rg1+ 76. Kf5 Rb1 77. Ra3+ Kf2 78. Ra2+ Ke3 79. Ra3+ Kd4 80. Ra4+ Kc5 81. Ra8 Re1 82. Rc8+ Kd6 83. Rd8+ Ke7 84. Rd2 Rf1+ 85. Ke4 Ke6 86. Ra2 Rh1 87. Ra6+ Ke7 88. Ra7+ Kd6 89. Ra6+ Kc5 90. Ra5+ Kc4 91. Ra4+ Kb5 92. Ra8 Re1+ 93. Kd3 Rd1+ 94. Kc3 Rh1 95. Rb8+ Kc5 96. Rc8+ Kd5 97. Rd8+ Ke4 98. Re8+ Kf3 99. Rf8+ Ke2 100. Re8+ Kd1 101. Rd8+ Kc1 102. Ra8 Rh3+ 103. Kd4 Rh4+ 104. Kd3 Rh3+ 105. Kc4 Rh4+ 106. Kc3 Rh3+ 107. Kb4 Rh4+ 108. Kc3 Rh3+ 1/2-1/2


[Site "https://www.chess.com"]

[Event "Titled Tuesday Blitz June 6 Early 2023"]
[White "Skliarov, Viktor"]
[Black "Nemec, Jachym"]
[WhiteFideId "14106736"]
[BlackFideId "23716525"]
[WhiteElo "2317"]
[BlackElo "2347"]
[Result "0-1"]
[Round "11"]
[TimeControl "180+2"]
[Date "2023.06.06"]
[WhiteClock "0:00:08"]
[BlackClock "0:01:20"]
[Board "56"]

1. e4 c6 2. d4 d5 3. e5 Bf5 4. Nf3 e6 5. Be2 Nd7 6. O-O h6 7. a4 Rc8 8. a5 c5 9. a6 b6 10. Na3 Ne7 11. Nb5 Nc6 12. c4 dxc4 13. d5 exd5 14. Qxd5 Ndxe5 15. Qxd8+ Rxd8 16. Nxe5 Nxe5 17. Nxa7 Bd3 18. Bf4 Bxe2 19. Rfe1 Kd7 20. Bxe5 Bd3 21. Nb5 Kc6 22. a7 Ra8 23. Nc7 Bd6 24. Bxd6 Kxd6 25. Nxa8 Rxa8 26. f3 g5 27. Kf2 h5 28. Ke3 h4 29. Kd2 Bf5 30. Kc3 Be6 31. g3 hxg3 32. hxg3 b5 33. Ra6+ Kc7 34. Rexe6 fxe6 35. Rxe6 Rxa7 36. Re7+ Kb6 37. Rxa7 Kxa7 38. f4 gxf4 39. g4 b4+ 40. Kxc4 f3 41. Kd3 c4+ 42. Ke3 c3 43. bxc3 bxc3 44. g5 c2 45. Kd2 f2 46. g6 f1=Q 47. Kxc2 Qg2+ 0-1


[Site "https://www.chess.com"]

[Event "Titled Tuesday Blitz June 6 Early 2023"]
[White "Pham, Le Thao Nguyen"]
[Black "Gontcharov, Vladislav"]
[WhiteFideId "12401226"]
[BlackFideId "4123492"]
[WhiteElo "2286"]
[BlackElo "2420"]
[Result "1-0"]
[Round "11"]
[TimeControl "180+2"]
[Date "2023.06.06"]
[WhiteClock "0:00:43"]
[BlackClock "0:01:13"]
[Board "57"]

1. d4 Nf6 2. c4 e6 3. Nf3 c5 4. e3 d5 5. cxd5 Nc6 6. dxc6 Nd5 7. cxb7 Bxb7 8. Bb5+ Ke7 9. O-O Qb6 10. Be2 cxd4 11. exd4 f6 12. Nc3 Kf7 13. Qb3 Bb4 14. Bd2 a5 15. a3 Bxc3 16. Qxb6 Nxb6 17. Bxc3 Bd5 18. Nd2 Rhc8 19. Rfc1 Na4 20. Bf3 Rab8 21. Bxd5 exd5 22. Bxa5 Rxc1+ 23. Rxc1 Rxb2 24. Nf1 Rb3 25. Bb4 Ke6 26. Ne3 f5 27. g3 g5 28. Rc6+ Kd7 29. Rd6+ 1-0


[Site "https://www.chess.com"]

[Event "Titled Tuesday Blitz June 6 Early 2023"]
[White "Garcia Jimenez, Francisco Javier"]
[Black "Shohat, Yotam"]
[WhiteFideId "2231590"]
[BlackFideId "2813955"]
[WhiteElo "2246"]
[BlackElo "2226"]
[Result "1/2-1/2"]
[Round "11"]
[TimeControl "180+2"]
[Date "2023.06.06"]
[WhiteClock "0:00:12"]
[BlackClock "0:00:04"]
[Board "58"]

1. e4 c5 2. Nc3 Nc6 3. g3 g6 4. Bg2 Bg7 5. d3 Rb8 6. a4 e6 7. Be3 Nd4 8. Nce2 Ne7 9. c3 Nxe2 10. Nxe2 b6 11. O-O d5 12. exd5 Nxd5 13. Bd2 Ba6 14. Bc1 h5 15. h4 O-O 16. Re1 Qd7 17. a5 b5 18. Nf4 Nxf4 19. Bxf4 Rbc8 20. Qf3 Rfe8 21. Be5 b4 22. Bxg7 Kxg7 23. Rad1 bxc3 24. bxc3 Qc7 25. d4 cxd4 26. cxd4 Bc4 27. Re5 Bd5 28. Qa3 Bxg2 29. Kxg2 Red8 30. Rg5 Qc2 31. Rd3 Rc4 32. Rf3 Qe4 33. Qe7 Rf8 34. Re5 Qc6 35. Qf6+ Kg8 36. Rg5 Kh7 37. Rxg6 fxg6 38. Qxf8 Rc3 39. Qf7+ Kh6 40. Qf4+ Kh7 41. Qf7+ Kh6 42. Qf4+ Kh7 43. Qf7+ 1/2-1/2


[Site "https://www.chess.com"]

[Event "Titled Tuesday Blitz June 6 Early 2023"]
[White "Chylewski, Patryk"]
[Black "Malyi, Viacheslav"]
[WhiteFideId "1186191"]
[BlackFideId "14123983"]
[WhiteElo "2163"]
[BlackElo "2291"]
[Result "1-0"]
[Round "11"]
[TimeControl "180+2"]
[Date "2023.06.06"]
[WhiteClock "0:00:03"]
[BlackClock "0:00:13"]
[Board "59"]

1. e4 e5 2. Nf3 Nc6 3. Bb5 a6 4. Ba4 Nf6 5. O-O b5 6. Bb3 Bc5 7. d3 d6 8. c3 Bb6 9. Nbd2 Rb8 10. h3 O-O 11. Re1 Nh5 12. Nf1 Qf6 13. Be3 Nf4 14. Bxf4 Qxf4 15. Qd2 Qf6 16. Qg5 Qxg5 17. Nxg5 h6 18. Nf3 Kh7 19. Ne3 Ne7 20. d4 f5 21. Nxf5 Nxf5 22. exf5 Bxf5 23. dxe5 Bxh3 24. e6 Rbe8 25. e7 Rf6 26. Re2 Bg4 27. Bd5 Bd7 28. Nd4 Bxd4 29. cxd4 c6 30. Bb3 g6 31. a4 b4 32. a5 d5 33. Bc2 Rf7 34. Rae1 Kg7 35. Bd3 Bc8 36. Re3 Kf6 37. Rf3+ Kg7 38. Rfe3 h5 39. Rg3 Bf5 40. Bxf5 Rxf5 41. Re6 Rf6 42. Ree3 Kf7 43. Rb3 Rxe7 44. Rxb4 Re1+ 45. Kh2 h4 46. Rf3 Rxf3 47. gxf3 Re2 48. Kg2 g5 49. Rb6 Kg6 50. Rxc6+ Kf5 51. Rxa6 Rxb2 52. Rb6 Ra2 53. Rb5 Ke6 54. Rb6+ Kf5 55. a6 Kf4 56. Rf6# 1-0


[Site "https://www.chess.com"]

[Event "Titled Tuesday Blitz June 6 Early 2023"]
[White "Omelja, Artem"]
[Black "Bashirli, Saadat"]
[WhiteFideId "14119846"]
[BlackFideId "13429990"]
[WhiteElo "2404"]
[BlackElo "1408"]
[Result "1-0"]
[Round "11"]
[TimeControl "180+2"]
[Date "2023.06.06"]
[WhiteClock "0:00:17"]
[BlackClock "0:00:03"]
[Board "60"]

1. e4 c5 2. Nf3 g6 3. c3 Nf6 4. e5 Nd5 5. d4 cxd4 6. cxd4 d6 7. Nc3 Nxc3 8. bxc3 dxe5 9. Nxe5 Bg7 10. Bb5+ Bd7 11. Nxd7 Nxd7 12. O-O O-O 13. Re1 a6 14. Be2 Rc8 15. Bb2 e6 16. Bf3 Qc7 17. Qb3 Nb6 18. Ba3 Rfd8 19. Bc5 Nd7 20. Be7 Re8 21. Bg5 Qxc3 22. Qxb7 Rc7 23. Qxa6 Qxd4 24. Rad1 Qa7 25. Qxa7 Rxa7 26. Bc6 Rxa2 27. Bxd7 Rea8 28. h3 h6 29. Be3 Kh7 30. Rb1 Ra1 31. Rxa1 Rxa1 32. Rxa1 Bxa1 33. Kf1 Kg7 34. Ke2 Bf6 35. Kd3 h5 36. f4 Kf8 37. Bc5+ Kg8 38. Ke4 Kh7 39. Bd4 Be7 40. Bb5 Kg8 41. Kd3 Kh7 42. Be5 Kg8 43. Bc6 Kh7 44. Kc4 Kg8 45. Kb5 Kh7 46. Kb6 Kg8 47. Kc7 Kh7 48. Kd7 Bh4 49. Ke8 Kg8 50. g4 hxg4 51. hxg4 Bg3 52. g5 Bh4 53. Ke7 Bg3 54. Be8 Kh7 55. Bxf7 Bh2 56. Bxe6 Bg3 57. Kf6 Bh2 58. Bf7 Bg3 59. Bxg6+ Kg8 60. Bf7+ Kh7 61. g6+ Kh6 62. g7 Bh4+ 63. Ke6 Kh7 64. g8=Q+ Kh6 65. Qg6# 1-0


[Site "https://www.chess.com"]

[Event "Titled Tuesday Blitz June 6 Early 2023"]
[White "Mogirzan, Matei-Valeriu"]
[Black "i_like_explosions"]
[WhiteFideId "1257455"]
[WhiteElo "1733"]
[BlackElo "2468"]
[Result "1-0"]
[Round "11"]
[TimeControl "180+2"]
[Date "2023.06.06"]
[WhiteClock "0:00:04"]
[BlackClock "0:00:14"]
[Board "61"]

1. e4 c5 2. Nf3 Nc6 3. Bb5 e6 4. O-O Nge7 5. Nc3 a6 6. Bxc6 Nxc6 7. d4 cxd4 8. Nxd4 d6 9. Be3 Be7 10. f4 O-O 11. Kh1 Nxd4 12. Bxd4 b5 13. f5 Bb7 14. Qg4 e5 15. Be3 Bf6 16. Rad1 Qc7 17. Nd5 Bxd5 18. Rxd5 Rfd8 19. c3 Qc4 20. Rf3 Qxa2 21. h4 Qxb2 22. Qh5 Rd7 23. Bg5 Qb1+ 24. Kh2 Qxe4 25. Bxf6 gxf6 26. Qh6 Qxf3 27. gxf3 a5 28. Qxf6 Ra6 29. Rd1 Kf8 30. Rg1 a4 31. Rg7 Rc7 32. Rxh7 Ke8 33. Rh8+ Kd7 34. Rd8+ Kc6 35. Rxd6+ Kb7 36. Rxa6 Rxc3 37. Qb6+ Kc8 38. Ra7 Rc2+ 39. Kg3 a3 40. Qb7+ Kd8 41. Qd7# 1-0


[Site "https://www.chess.com"]

[Event "Titled Tuesday Blitz June 6 Early 2023"]
[White "Mrithyunjay Mahadevan"]
[Black "Vlassov, Nikolai"]
[WhiteFideId "45003521"]
[BlackFideId "4103360"]
[WhiteElo "1626"]
[BlackElo "2324"]
[Result "1-0"]
[Round "11"]
[TimeControl "180+2"]
[Date "2023.06.06"]
[WhiteClock "0:00:33"]
[BlackClock "0:00:04"]
[Board "62"]

1. d4 Nf6 2. Nc3 d5 3. Bf4 e6 4. Nb5 Na6 5. e3 c6 6. Nc3 Bb4 7. Bd3 O-O 8. Ne2 c5 9. a3 Ba5 10. Bxa6 bxa6 11. dxc5 Bc7 12. Bxc7 Qxc7 13. b4 a5 14. O-O Rb8 15. Rb1 axb4 16. axb4 a5 17. Qd4 axb4 18. Rxb4 e5 19. Qh4 Rxb4 20. Qxb4 Bf5 21. Qb6 Rc8 22. Qxc7 Rxc7 23. Rb1 h5 24. Rb5 Bxc2 25. f4 Bd3 26. Rb8+ Kh7 27. fxe5 Ng4 28. h3 Nxe5 29. Nxd5 Rxc5 30. Ndf4 Bxe2 31. Nxe2 Rc2 32. Nf4 h4 33. Rb5 f6 34. Rb1 g5 35. Nd5 Kg6 36. Rf1 Nd7 37. Rf2 Rc1+ 38. Rf1 Rc5 39. e4 Rc4 40. Re1 Nc5 41. Ne7+ Kf7 42. Nf5 Ke6 43. Ng7+ Ke5 44. Ne8 Nxe4 45. Ng7 f5 46. Nh5 Rc7 47. g4 1-0


[Site "https://www.chess.com"]

[Event "Titled Tuesday Blitz June 6 Early 2023"]
[White "Ljukin, Sergei"]
[Black "Chernobay, Artem"]
[WhiteFideId "14102200"]
[BlackFideId "4167406"]
[WhiteElo "2312"]
[BlackElo "2474"]
[Result "1-0"]
[Round "11"]
[TimeControl "180+2"]
[Date "2023.06.06"]
[WhiteClock "0:00:50"]
[BlackClock "0:00:44"]
[Board "63"]

1. e4 e6 2. d4 d5 3. Nc3 Nf6 4. Bg5 dxe4 5. Nxe4 Be7 6. Bxf6 gxf6 7. Nf3 a6 8. g3 Nc6 9. Bg2 e5 10. dxe5 fxe5 11. Qxd8+ Bxd8 12. O-O-O f5 13. Nc3 Bf6 14. Nd5 Bd8 15. Nxe5 Nxe5 16. Rhe1 O-O 17. Rxe5 c6 18. Nf4 Bc7 19. Re7 Bxf4+ 20. gxf4 Rf7 21. Rd8+ Kg7 22. Ree8 Rc7 23. Bh3 Kf6 24. Rf8+ Kg6 25. Rg8+ Kf6 26. Rdf8+ Ke7 27. Bxf5 Bxf5 28. Rxa8 Kf7 29. Raf8+ Ke6 30. Rg5 Bg6 31. Re5+ Kd6 32. Rd8+ 1-0


[Site "https://www.chess.com"]

[Event "Titled Tuesday Blitz June 6 Early 2023"]
[White "Ismayil, Malak"]
[Black "Girya, Olga"]
[WhiteFideId "13412604"]
[BlackFideId "4195752"]
[WhiteElo "1868"]
[BlackElo "2263"]
[Result "1-0"]
[Round "11"]
[TimeControl "180+2"]
[Date "2023.06.06"]
[WhiteClock "0:00:12"]
[BlackClock "0:00:01"]
[Board "64"]

1. e4 e5 2. Nf3 Nc6 3. Bc4 Bc5 4. d3 Nf6 5. Nc3 d6 6. h3 a6 7. O-O h6 8. Be3 Bxe3 9. fxe3 Be6 10. Bd5 O-O 11. Qe1 Bxd5 12. exd5 Nb4 13. Qf2 Nbxd5 14. Nxd5 Nxd5 15. e4 Nf4 16. Kh2 Qd7 17. Nh4 Kh7 18. Qg3 g6 19. Rf2 c5 20. Raf1 Rg8 21. Qe3 Raf8 22. c3 f5 23. d4 cxd4 24. cxd4 fxe4 25. Qxe4 Qc6 26. d5 Qd7 27. Rf3 Qe7 28. g3 Kh8 29. Rxf4 Rxf4 30. Rxf4 g5 31. Nf5 Qf6 32. Rf2 Rc8 33. g4 Qg6 34. Ng3 Qg7 35. Qf5 Rd8 36. Qf6 Qxf6 37. Rxf6 Kg7 38. Re6 Rd7 39. Nf5+ Kf7 40. Rxh6 e4 41. Nxd6+ Kg7 42. Nf5+ Kg8 43. Rg6+ Kf8 44. Rf6+ Kg8 45. d6 Rd8 46. Re6 Rc8 47. Ne7+ 1-0


[Site "https://www.chess.com"]